 Dungeon Crawl Stone Soup version 0.29-a0-468-ge57f7f99b4 (webtiles) character file.

Game seed: 4133004769991030968

117 xian the Conjurer (level 4, -12/33 HPs)
             Began as a Draconian Conjurer on May 21, 2022.
             Mangled by an ice beast (13 damage)
             ... on level 3 of the Dungeon.
             The game lasted 00:05:49 (3788 turns).

xian the Conjurer (Draconian Conjurer)              Turns: 3788, Time: 00:05:50

Health: -12/33     AC:  5    Str:  9    XL:     4   Next: 71%
Magic:  2/8        EV: 12    Int: 20    God:
Gold:   173        SH:  0    Dex: 10    Spells: 5/8 levels left

rFire   + . .      SeeInvis .   d - staff of earth
rCold   x . .      Faith    .   (no shield)
rNeg    . . .      Spirit   .   (body armour unavailable)
rPois   .          Reflect  .   (helmet restricted)
rElec   .          Harm     .   (no cloak)
rCorr   .          Rampage  .   (no gloves)
Will    .....                   (no boots)
Stlth   ++........              r - amulet of regeneration
HPRegen 0.91/turn               n - ring of fire
MPRegen 0.11/turn               (no ring)

@: slowed, very slow
A: AC +5, unfitting armour, cold-blooded
a: no special abilities


You were on level 3 of the Dungeon.
You visited 1 branch of the dungeon, and saw 4 of its levels.

You collected 173 gold pieces.

Inventory:

Magical Staves
 d - a staff of earth (weapon)
 m - a staff of earth
Jewellery
 n - a ring of fire (left hand)
 r - an amulet of regeneration (around neck)
Scrolls
 c - 2 scrolls of silence {unknown}
 e - a scroll of fear {unknown}
 f - a scroll of amnesia {unknown}
 g - 2 scrolls of teleportation {unknown}
 i - a scroll of poison {unknown}
 k - 2 scrolls of identify {unknown}
 l - a scroll of enchant weapon {unknown}
 o - a scroll of vulnerability {unknown}
 p - a scroll of torment {unknown}
Potions
 a - a potion of magic
 b - 3 potions of curing {unknown}
 h - 2 potions of lignification {unknown}
 j - a potion of heal wounds {unknown}
 q - 2 potions of might


   Skills:
 + Level 1.0 Staves
 + Level 2.0 Dodging
 + Level 2.1 Stealth
 + Level 0.1 Unarmed Combat
 + Level 2.9 Spellcasting
 + Level 5.1 Conjurations


You had 5 spell levels left.
You knew the following spells:

 Your Spells              Type           Power      Damage    Failure   Level
a - Magic Dart            Conj           92%        1d7       1%          1
b - Searing Ray           Conj           46%        2d6       2%          2

Your spell library contained the following spells:

 Spells                   Type           Power      Damage    Failure   Level
 Apportation              Tloc           4%         N/A       14%         1
 Necrotize                Necr           8%         1d4       14%         1
 Sandblast                Erth           8%         2d5       14%         1
 Slow                     Hex            8%         N/A       14%         1
 Dazzling Flash           Conj/Hex       26%        N/A       16%         3
 Vampiric Draining        Necr           2%         2d6       41%         3
 Fulminant Prism          Conj/Hex       6%         3d7       45%         4
 Iskenderun's Mystic Bla  Conj/Tloc      13%        2d5       45%         4
 Agony                    Necr           2%         N/A       99%         5


Dungeon Overview and Level Annotations

Branches:
Dungeon (4/15)
 Temple: D:4-7

Altars:


Innate Abilities, Weirdness & Mutations

Your plain brown scales are hard. (AC +5)
You cannot fit into any form of body armour.
You are cold-blooded and may be slowed by cold attacks.


Message History

The searing ray hits the ice beast but does no damage. (Press . to maintain the ray.)
The searing ray hits the ice beast.
The ice beast is lightly wounded.
An adder comes into view.
The ice beast hits you. The ice beast freezes you!
You feel a terrible chill!
You feel yourself slow down.
The searing ray misses the ice beast.
The adder hisses angrily.
The ice beast hits you but does no damage.
You feel yourself speed up. The ice beast misses you.
The orc wizard mumbles some strange words.
The orc wizard flickers and vanishes!
Deactivating autopickup; reactivate with Ctrl-A.
The ice beast hits you. The ice beast freezes you!
You feel a terrible chill!
You feel yourself slow down.
* * * LOW HITPOINT WARNING * * *
There is a stone staircase leading up here.
The ice beast closely misses you.
You climb upwards.
Reactivating autopickup.
You feel yourself speed up.
There is a stone staircase leading down here.
Casting: Searing Ray (safe; 2% risk of failure)
Confirm with . or Enter, or press ? or * to list all spells.
Aiming: Searing Ray (safe; 2% risk of failure)
Press: ? - help, Shift-Dir - straight line, f - ice beast
Aim: an ice beast (lightly wounded, 78% to hit)
The searing ray misses the ice beast. (Press . to maintain the ray.)
The ice beast hits you. The ice beast freezes you!
You feel a terrible chill!
* * * LOW HITPOINT WARNING * * *
The searing ray hits the ice beast but does no damage.
The ice beast is lightly wounded.
The ice beast hits you.
* * * LOW HITPOINT WARNING * * *
The ice beast freezes you!
You feel a terrible chill!
You feel yourself slow down.
You die...

#.........# #.#######.#
#.#.#####.# #.#...(.#.#
#.#.###.#.# #######
#.......#.########## ......#
###.#####.##........ #####.#
#.#####.###.#####. # #.#
#@Y...(.........#.
#####.##########.#####.##..###.#.
.................#####.##....#.#.
######.#########.................
...............#.#####.##.)....#.
######.#.......#.#####.##...####.
#.+.......#.......##...#....
###.......##########........
#######............)##.##.


You could see an ice beast.

Vanquished Creatures
  5 adders
  5 dart slugs
  2 orcs (D:3)
  4 endoplasms (D:1)
  3 giant cockroaches
  3 goblins
  6 hobgoblins
  8 jackals
  A kobold (D:2)
  5 quokkas
  2 ball pythons
  5 bats
  4 frilled lizards
  3 rats
56 creatures vanquished.

Notes
Turn   | Place    | Note
-------+----------+-------------------------------------------
     0 | D:1      | xian the Draconian Conjurer began the quest for the Orb.
     0 | D:1      | Reached XP level 1. HP: 14/14 MP: 3/3
   500 | D:1      | Reached XP level 2. HP: 20/20 MP: 1/5
   592 | D:1      | Found a faded altar of an unknown god.
  1557 | D:2      | Learned a level 2 spell: Searing Ray
  1775 | D:2      | Reached XP level 3. HP: 26/26 MP: 3/6
  2075 | D:2      | Got First Steps in Spellcraft
  2317 | D:2      | Reached skill level 5 in Conjurations
  2559 | D:2      | Reached XP level 4. HP: 31/33 MP: 2/7
  3201 | D:3      | Reached skill level 1 in Staves
  3776 | D:4      | Noticed an ice beast
  3787 | D:3      | HP: 1/33 [ice beast (9)]
  3788 | D:3      | Mangled by an ice beast

Illustrated notes

Levels and vault maps discovered:
D:1:      onia_arrival_pentagram, layout_basic, basic_ecumenical_altar
D:2:      layout_loops_ring
D:3:      layout_basic, chequers_serial_rivers_room_a
D:4:      layout_rooms, nicolae_underground_beach, uniq_duvessa, uniq_natasha

Skill      XL: |  1  2  3  4 |
---------------+-------------+-----
Conjurations   | 5 |  5.1
Stealth        | 2 |  2.1
Dodging        | 2 |  2.0
Staves         | 1 |  1.0
Unarmed Combat | |  0.1
Spellcasting   | |  2.9

Action                   |  1- 3 |  4- 6 || total
-------------------------+-------+-------++-------
Melee: Unarmed           |    18 |       ||    18
       Tailslap          |     5 |       ||     5
       Staff             |    33 |     2 ||    35
 Cast: Magic Dart        |    89 |    38 ||   127
       Searing Ray       |       |     2 ||     2
Armor: Skin              |    29 |     3 ||    32
Dodge: Dodged            |    49 |     4 ||    53

Table legend: (Time is in decaauts)
 A = Elapsed time spent in this place.
 B = Non-inter-level travel time spent in this place.
 C = Inter-level travel time spent in this place.
 D = Time resting spent in this place.
 E = Time spent auto-exploring this place.
 F = Levels seen in this place.
 G = Mean time per level.
                   A        B        C        D        E       F      G
               +--------+--------+--------+--------+--------+-----+--------+
         Total |   3795 |   3731 |     64 |      0 |   3342 |   4 |  948.8 |
       Dungeon |   3795 |   3731 |     64 |      0 |   3342 |   4 |  948.8 |
               +--------+--------+--------+--------+--------+-----+--------+

Top non-repeatable levels by time:
     D:1: 1555 daAuts
     D:2: 1124 daAuts
     D:3: 1102 daAuts
     D:4: 12 daAuts
